 Dungeon Sprint DCSS version 0.17-a0-1636-g3119f2b (webtiles) character file.

760 nuthulu the Fighter (level 8, -9/78 HPs)
             Began as a Formicid Fighter on Aug 6, 2015.
             Was a Believer of Okawaru.
             Mangled by a blink frog (11 damage)
             ... in the Dungeon (Sprint VII: "The Pits").
             The game lasted 00:02:14 (956 turns).

nuthulu the Fighter (Formicid Fighter)               Turns: 956, Time: 00:02:15

Health: -9/78      AC:  6    Str: 22    XL:     8   Next: 7%
Magic:  8/8        EV:  8    Int:  7    God:    Okawaru [**....]
Gold:   0          SH:  9    Dex: 12    Spells: 0 memorised, 7 levels left

rFire  . . .     SeeInvis +     a - +0 war axe
rCold  . . .     Clarity  .     b - +0 scale mail
rNeg   . . .     SustAt   .     c - +0 shield
rPois  .         Gourm    .     (helmet unavailable)
rElec  .         Spirit   .     (no cloak)
rCorr  .         Warding  .     (no gloves)
rMut   .         Stasis   +     (no boots)
MR     .....                    (no amulet)
Stlth  ..........               (no ring)
                                (no ring)

@: not resistant to hostile enchantments, extremely unstealthy
A: permanent stasis, dig shafts and tunnels, four strong arms, antennae 3
a: Dig, Heroism, Renounce Religion


You were in the Dungeon.
You worshipped Okawaru.
Okawaru was pleased with you.
You were not hungry.

You visited 1 branch

Inventory:

Hand weapons
 a - a +0 war axe (weapon)
Armour
 b - a +0 scale mail (worn)
 c - a +0 shield (worn)
Scrolls
 k - a scroll of blinking
 p - 3 scrolls of remove curse
 q - 5 scrolls of amnesia
 r - a scroll of summoning
Potions
 h - a potion of haste
 i - 4 potions of magic
 j - 3 potions of berserk rage
 o - 2 potions of invisibility
Comestibles
 e - 8 bread rations
 m - 40 fruits
 n - 7 meat rations


   Skills:
 + Level 12.8 Fighting
 + Level 11.7 Axes
 - Level 3.2 Armour
 - Level 3.6 Shields


You had 7 spell levels left.
You didn't know any spells.

Dungeon Overview and Level Annotations

Branches:
Dungeon (1/1)

Altars:
Ashenzari
Cheibriados
Dithmenos
Elyvilon
Fedhas
Gozag
Kikubaaqudgha
Makhleb
Nemelex Xobeh
Okawaru
Qazlal
Ru
Sif Muna
Trog
Vehumet
Xom
Yredelemnul
Zin
The Shining One
Beogh
Jiyva
Lugonu


Innate Abilities, Weirdness & Mutations

You are under a permanent stasis effect.
You can dig through walls and to a lower floor.
Your four strong arms can wield two-handed weapons with a shield.
You have a pair of large antennae on your head (SInv).


Message History

You hit the wolf.
The wolf is lightly wounded.
You closely miss the blink frog.
The blink frog is moderately wounded.
The blink frog momentarily phases out as your attack passes through it.
The blink frog is severely wounded.
The blink frog blinks!
The wolf bites you!
* * * LOW HITPOINT WARNING * * *
The blink frog hits you!
* * * LOW HITPOINT WARNING * * *
The blink frog hits you but does no damage.
Unknown command.
The blink frog momentarily phases out as your attack passes through it.
The blink frog is severely wounded.
The blink frog momentarily phases out as your attack passes through it.
The blink frog is moderately wounded.
You closely miss the wolf.
The wolf is lightly wounded.
The wolf bites you but does no damage. The blink frog hits you!
You die...

#.# #...<...# #(# {
#.......# #.# {
#.......#
#[###########.......#
#.......#..##########
#.......#.######
#...#...#.#....#
#..###..#'#h...#
#...#...#.@F§F.+
#....../#)#F...#
#.....{.)§#....#
################


You could see 3 blink frogs and a wolf.

Vanquished Creatures
  A jumping spider (D)
  A blink frog (D)
  An orc warrior (D)
  A big kobold (D)
  A wasp (D)
  A crimson imp (D)
  Ijyb (D)
  A quasit (D)
  A gnoll (D)
  A river rat (D)
  A giant eyeball (D)
  An ooze (D)
  An orc (D)
  A ball python (D)
  A quokka (D)
  A giant newt (D)
  A rat (D)
17 creatures vanquished.

Notes
Turn   | Place    | Note
--------------------------------------------------------------
     0 | D        | nuthulu the Formicid Fighter began the quest for the Orb.
     0 | D        | Reached XP level 1. HP: 18/18 MP: 1/1
    48 | D        | Found a sacrificial altar of Ru.
    48 | D        | Found a shadowy altar of Dithmenos.
    48 | D        | Found a bloodstained altar of Trog.
    48 | D        | Found a deep blue altar of Sif Muna.
    48 | D        | Found a shimmering altar of Xom.
    48 | D        | Found a sparkling altar of Nemelex Xobeh.
    48 | D        | Found a corrupted altar of Lugonu.
    48 | D        | Found a viscous altar of Jiyva.
    49 | D        | Found a basalt altar of Yredelemnul.
    49 | D        | Found a burning altar of Makhleb.
    49 | D        | Found an ancient bone altar of Kikubaaqudgha.
    51 | D        | Found a glowing golden altar of the Shining One.
    51 | D        | Found a glowing silver altar of Zin.
    56 | D        | Found a shattered altar of Ashenzari.
    56 | D        | Found a white marble altar of Elyvilon.
    56 | D        | Found a snail-covered altar of Cheibriados.
    56 | D        | Found a blossoming altar of Fedhas.
    56 | D        | Found a radiant altar of Vehumet.
    56 | D        | Found a roughly hewn altar of Beogh.
    56 | D        | Found an iron altar of Okawaru.
    61 | D        | Found a stormy altar of Qazlal.
    61 | D        | Found an opulent altar of Gozag.
    64 | D        | Became a worshipper of Warmaster Okawaru
    87 | D        | Reached skill level 4 in Fighting
    87 | D        | Reached XP level 2. HP: 22/26 MP: 2/2
   145 | D        | Noticed a big kobold
   145 | D        | Noticed a crimson imp
   148 | D        | Noticed Ijyb
   155 | D        | Reached skill level 5 in Fighting
   165 | D        | Killed Ijyb
   165 | D        | Reached skill level 6 in Fighting
   165 | D        | Reached skill level 5 in Axes
   165 | D        | Reached XP level 3. HP: 23/34 MP: 3/3
   189 | D        | Killed a big kobold
   189 | D        | Acquired Okawaru's first power
   189 | D        | Reached skill level 8 in Fighting
   189 | D        | Reached XP level 4. HP: 8/44 MP: 4/4
   189 | D        | Reached XP level 5. HP: 8/49 MP: 5/5
   201 | D        | Killed a crimson imp
   459 | D        | Noticed an orc warrior
   464 | D        | Killed an orc warrior
   464 | D        | Reached skill level 10 in Fighting
   464 | D        | Reached XP level 6. HP: 37/60 MP: 6/6
   576 | D        | Noticed a jumping spider
   581 | D        | HP: 1/60 [jumping spider (4)]
   589 | D        | Killed a jumping spider
   589 | D        | Reached skill level 11 in Fighting
   589 | D        | Reached skill level 10 in Axes
   589 | D        | Reached XP level 7. HP: 3/68 MP: 4/7
   902 | D        | Noticed a quasit
   918 | D        | Killed a quasit
   938 | D        | Noticed a wolf
   938 | D        | Noticed a blink frog
   938 | D        | Noticed a blink frog
   938 | D        | Noticed a blink frog
   938 | D        | Noticed a wasp
   939 | D        | Noticed a blink frog
   941 | D        | Noticed a blink frog
   945 | D        | Killed a wasp
   945 | D        | Reached skill level 12 in Fighting
   955 | D        | Killed a blink frog
   955 | D        | Reached XP level 8. HP: 23/78 MP: 8/8
   955 | D        | HP: 2/78 [blink frog (14)]
   956 | D        | Mangled by a blink frog

Vault maps used:
D:        pitsprint

Action                   |  1- 3 |  4- 6 |  7- 9 || total
-------------------------+-------+-------+-------++-------
Melee: War axe           |    49 |    15 |    31 ||    95
Invok: Heroism           |       |     1 |     1 ||     2
  Use: Potion            |     2 |     1 |       ||     3
